 Dungeon Crawl Stone Soup version 0.27.1-33-g824d729ab1 (webtiles) character file.

Game seed: 3433291900940490886

6 MisterFreud the Ducker (level 1, 0/10 HPs)
             Began as a Felid Berserker on Dec 30, 2021.
             Was a Follower of Trog.
             Slain by a giant cockroach (2 damage)
             ... on level 1 of the Dungeon.
             The game lasted 00:00:22 (180 turns).

MisterFreud the Ducker (Felid Berserker)             Turns: 180, Time: 00:00:22

Health: 0/10       AC:  1    Str: 13    XL:     1   Next: 75%
Magic:  2/2        EV: 18    Int:  8    God:    Trog [*.....]
Gold:   0          SH:  0    Dex: 15    Spells: 0/0 levels left
                                        Lives:  0   Deaths: 0

rFire    . . .     SeeInvis +     - Unarmed
rCold    . . .     Faith    .   (shield unavailable)
rNeg     . . .     Spirit   .   (armour unavailable)
rPois    .         Reflect  .   (helmet unavailable)
rElec    .         Harm     .   (cloak unavailable)
rCorr    .         Rampage  .   (gloves unavailable)
Will     .....                  (boots unavailable)
Stlth    ++........             (no amulet)
HPRegen  0.03/turn              (no ring)
MPRegen  0.08/turn              (no ring)

@: quick
A: very small, claws 1, fangs 3, see invisible, speed 1, shaggy fur 1, stealthy
paws, no weapons or thrown items, no armour, multi-lived
a: Renounce Religion, Berserk


You were on level 1 of the Dungeon.
You worshipped Trog.
Trog was aware of your devotion.
You visited 1 branch of the dungeon, and saw 1 of its levels.

Inventory:

Scrolls
 a - a scroll of identify {unknown}


   Skills:
 - Level 3.0 Fighting
 - Level 4.0 Dodging
 + Level 1.4 Stealth
 + Level 3.2 Unarmed Combat


You couldn't memorise any spells.
You didn't know any spells.
Your spell library was empty.

Dungeon Overview and Level Annotations

Branches:
Dungeon (1/15)

Altars:


Innate Abilities, Weirdness & Mutations

You have sharp claws.
You have razor-sharp teeth.
You have supernaturally acute eyesight. (SInv)
You cover ground quickly. (Speed+)
You are covered in fur. (AC +1)
Your paws help you pounce on unaware monsters.
You are incapable of wielding weapons or throwing items.
You cannot wear armour.
You gain extra lives every three experience levels.


Message History

a - a scroll labelled CYMEDGHUTTE No target in view!
No target in view!
No target in view!
A rat comes into view.
You see here a scroll labelled EXZYWU LEIGIFE.
A rat is nearby!
Found a square fluorescent amulet.
A goblin comes into view. It is wielding a +0 dagger.
The rat bites you.
You scratch the rat but do no damage. The rat completely misses you.
You scratch the rat but do no damage. Your bite misses the rat.
The rat misses you.
You barely miss the rat.
The goblin shouts!
You scratch the rat but do no damage. You bite the rat.
The rat is severely wounded.
The rat barely misses you.
A giant cockroach comes into view.
You scratch the rat.
You kill the rat!
Trog accepts your kill.
A giant cockroach comes into view.
The giant cockroach bites you.
You scratch the giant cockroach.
The giant cockroach is severely wounded.
The giant cockroach bites you. The goblin barely misses you.
The giant cockroach closely misses you.
You fail to use your ability.
The goblin completely misses you. The giant cockroach closely misses you.
You completely miss the goblin. The giant cockroach misses you.
The goblin hits you with a +0 dagger.
You barely miss the goblin. Your bite misses the goblin.
The giant cockroach completely misses you.
The goblin hits you with a +0 dagger.
* * * LOW HITPOINT WARNING * * *
You closely miss the giant cockroach.
The giant cockroach is severely wounded.
The giant cockroach bites you.
You die...

.## ... #. #.#
#.# #.# #.# #.#
#.# #B# #.# #g# #
#.#####@#.#####
###.......B.."...
#................
#.#?.######..####
####.#..# ..#
####.......## ..#
#.............#
.#
##.##.##.#.##....
.#
#......#.#.##..##


You could see 2 giant cockroaches and a goblin.

Vanquished Creatures
  A bat (D:1)
  A hobgoblin (D:1)
  2 kobolds (D:1)
  A rat (D:1)
5 creatures vanquished.

Notes
Turn   | Place    | Note
-------+----------+-------------------------------------------
     0 | D:1      | MisterFreud the Felid Berserker began the quest for the
                  | Orb.
     0 | D:1      | Reached XP level 1. HP: 10/10 MP: 2/2
    40 | D:1      | Reached skill level 1 in Stealth
   180 | D:1      | Slain by a giant cockroach

Illustrated notes

Levels and vault maps discovered:
D:1:      lemuel_arrival_behind_the_door_small, layout_loops_ring

Skill      XL: |  1 |
---------------+----+-----
Stealth        | 1 |  1.4
Fighting       | |  3.0
Dodging        | |  4.0
Unarmed Combat | |  3.2

Action                   || total
-------------------------++-------
Melee: Unarmed           ||    22
       Bite              ||     2
 Stab: Sleeping          ||     1
Armor: Skin              ||     2
Dodge: Dodged            ||    16
